 Dungeon Crawl Stone Soup version 0.30-a0-860-g512cf1e979 (webtiles) character file.

Game seed: 4600819399913977935

12583 jimonade the Thaumaturge (level 12, -10/80 HPs)
             Began as a Djinni Warper on Mar 7, 2023.
             Was a High Priest of Okawaru.
             Mangled by a manticore (11 damage)
             ... on level 11 of the Dungeon.
             The game lasted 00:47:18 (12624 turns).

jimonade the Thaumaturge (Djinni Warper)           Turns: 12624, Time: 00:47:19

Health: -10/80     AC:  9    Str: 14    XL:     12   Next: 22%
Gold:   395        EV: 13    Int: 15    God:    Okawaru [*****.] SH:  0 Dex: 14

rFire   + + .      SeeInvis .    H - +3 short sword (venom)
rCold   x . .      Faith    .    (no shield)
rNeg    + . .      Spirit   .    u - +0 troll leather armour
rPois   ∞          Reflect  .    W - +2 helmet
rElec   .          Rampage  .    s - scarf {repulsion}
rCorr   .                        n - +0 pair of gloves
Will    ++...                    (boots unavailable)
Stlth   +                        N - amulet of regeneration
HPRegen 1.93/turn                B - ring of willpower
MPRegen 0.00/turn                J - ring of positive energy

@: flying, repel missiles
A: sickness immunity, fire resistance 2, cold vulnerability 1, float, innate
caster, HP casting, extra vitality 1
a: Renounce Religion, Heroism, Finesse, Duel


You were on level 11 of the Dungeon.
You worshipped Okawaru.
Okawaru was extremely pleased with you.
You visited 3 branches of the dungeon, and saw 14 of its levels.

You collected 755 gold pieces.
You spent 360 gold pieces at shops.

Inventory:

Hand Weapons
 a - a +5 heavy glaive
 b - the +7 mace of Variability {chaos, chain chaos}
   (You found it on level 10 of the Dungeon)
 x - a +2 heavy falchion
 H - a +3 short sword of venom (weapon)
 K - a +3 falchion
 Y - a +4 hand axe
 Z - a +0 whip of freezing
Missiles
 d - 7 boomerangs of dispersal
 k - 4 throwing nets
 z - 13 boomerangs
 I - 24 poisoned darts
Armour
 l - a +1 ring mail of willpower
 n - a +0 pair of gloves (worn)
 s - a scarf of repulsion (worn)
 u - a +0 troll leather armour (worn)
 G - a +0 chain mail
 V - a +0 cloak
 W - a +2 helmet (worn)
Magical Staves
 i - a staff of air
Jewellery
 B - a ring of willpower (left hand)
 J - a ring of positive energy (right hand)
 N - an amulet of regeneration (around neck)
 T - a ring of fire
Wands
 j - a wand of polymorph (11)
 A - a wand of flame (32)
 C - a wand of paralysis (35)
 R - a wand of roots (15)
Scrolls
 c - 2 scrolls of blinking
 g - a scroll of fear
 o - 2 scrolls of magic mapping
 p - a scroll of identify
 q - a scroll of poison
 E - a scroll of enchant weapon
Potions
 e - 2 potions of ambrosia {unknown}
 f - 3 potions of heal wounds
 h - 3 potions of resistance
 m - 5 potions of curing
 r - 2 potions of cancellation {unknown}
 t - 2 potions of mutation {unknown}
 F - 3 potions of lignification {unknown}
 L - a potion of brilliance {unknown}
 M - a potion of haste {unknown}
 Q - a potion of attraction {unknown}
 S - 4 potions of might {unknown}


   Skills:
 + Level 4.8 Fighting
 - Level 1.5 Polearms
 - Level 0.7 Throwing
 + Level 6.6 Armour
 + Level 5.3 Dodging
 - Level 12.0 Spellcasting
 * Level 6.4 Invocations


You knew the following spells:

 Your Spells              Type           Power      Damage    Failure   Level
a - Blink                 Tloc           90%        N/A       1%          2
b - Lesser Beckoning      Tloc           90%        N/A       1%          2
c - Vhi's Electric Charg  Tloc/Air       90%        N/A       1%          3
d - Teleport Other        Tloc           45%        N/A       1%          3
e - Manifold Assault      Tloc           45%        N/A       1%          4
f - Apportation           Tloc           90%        N/A       1%          1
g - Scorch                Fire           90%        2d10      1%          2
h - Dazzling Flash        Conj/Hex       90%        N/A       1%          3
i - Summon Guardian Gole  Hex/Summ       45%        N/A       1%          3
j - Anguish               Hex/Necr       22%        N/A       1%          4
Your spell library was empty.

Dungeon Overview and Level Annotations

Branches:
Dungeon (11/15)            Temple (1/1) D:6            Lair (2/5) D:8
  Swamp (0/4) Lair:2          Orc (0/2) D:10
  Snake: Lair:2-3    Spider: Lair:2-3

Altars:
Ashenzari
Cheibriados
Elyvilon
Fedhas
Gozag
Nemelex Xobeh
Okawaru
Qazlal
Ru
Trog
Uskayaw
Wu Jian
Xom
The Shining One

Shops:
D:6 *   D:7 (?   D:8 !   D:9 ?   D:10 =

Annotations:
D:4 3 runed translucent doors, TheSexyCheese's ghost, novice TrFi; holysushi's ghost, amateur DsMo


Innate Abilities, Weirdness & Mutations

You are immune to sickness and miasma.
You are immune to poison.
Your flesh is very heat resistant. (rF++)
You are vulnerable to cold. (rC-)
You float through the air rather than walking.
You learn spells naturally, not from books.
Your magical power is your life essence.
You have superior vitality. (+4 MHP)


Message History

Casting: Dazzling Flash (safe; 1% risk of failure)
Press: ? - help, Dir - look around, f - activate The manticore is dazzled.
The manticore bites you. The manticore closely misses you.
The manticore barely misses you.
You hit the manticore.
The manticore is moderately wounded.
The manticore barely misses you. The manticore misses you.
The manticore claws you!
You hit the manticore.
You punch the manticore, but do no damage.
The manticore is moderately wounded.
The manticore barely misses you.
The manticore claws you but does no damage. x2
You hit the manticore but do no damage.
The manticore is moderately wounded.
The manticore closely misses you. The manticore barely misses you.
The manticore closely misses you.
You hit the manticore.
The manticore is poisoned.
The manticore is moderately wounded.
The manticore is no longer blind.
The manticore bites you. The manticore claws you! x2
You are too injured to fight recklessly!
You are too injured to fight recklessly!
You are too injured to fight recklessly!
You are too injured to fight recklessly!
You puncture the manticore!
The manticore looks as sick as possible!
The manticore is heavily wounded.
The manticore bites you!
* * * LOW HITPOINT WARNING * * *
The manticore claws you!
* * * LOW HITPOINT WARNING * * *
The manticore closely misses you.
You hit the manticore.
The manticore looks as sick as possible!
The manticore is severely wounded.
The manticore barely misses you. The manticore claws you!
* * * LOW HITPOINT WARNING * * *
The manticore claws you!
You die...

#### #####+#### #...
.........# #...
.........# ###...
.........+ .....
......$H.# ... #@# #(###
##.# #...## #..# ###..##
#.## ##..# #.# ##.#
######'### ####+##
#........# #...!..
#........#########......
#........'.......#).....


You could see a manticore (extremely poisoned).

Vanquished Creatures
  3 two-headed ogres
  2 cyclopes (D:11)
  Maurice (D:8)
  A komodo dragon (D:8)
  3 trolls
  A hornet (D:9)
  A shadow (D:9)
  A basilisk (D:8)
  4 wyverns
  5 yaks
  Eustachio (D:4)
  4 steam dragons
  2 chaos spawn (D:10)
  An acid dragon (D:10)
  5 water moccasins
  7 orc warriors
  An ice beast (D:6)
  3 black bears
  3 ogres
  2 sky beasts
  3 centaurs
  4 wolves (Lair:2)
  A phantom (D:3)
  A kobold brigand (D:11)
  3 bullfrogs
  Blork the orc (D:5)
  3 gnoll sergeants
  6 scorpions
  8 wights
  17 killer bees
  A howler monkey (D:9)
  A crimson imp (D:4)
  A hound (D:7)
  2 gnoll boudas
  7 orc priests
  A jelly (D:6)
  2 iguanas (D:6)
  Terence (D:3)
  6 orc wizards
  Robin (D:3)
  22 gnolls
  6 adders
  A shadow imp (D:6)
  2 white imps
  2 ufetubi
  2 worms (D:2)
  3 dart slugs
  57 orcs
  10 ball pythons
  4 endoplasms
  2 giant cockroaches
  19 goblins
  10 hobgoblins
  8 jackals
  10 kobolds
  6 quokkas
  6 bats
  A goblin skeleton (D:4)
  3 goblin zombies (D:4)
  2 hobgoblin zombies (D:4)
  2 kobold skeletons (D:4)
  2 kobold zombies (D:4)
  An orc skeleton (D:4)
  2 orc zombies (D:4)
  5 rats
309 creatures vanquished.

Vanquished Creatures (others)
  A gargoyle (D:10)
  21 fungi
  3 plants
25 creatures vanquished.

Grand Total: 334 creatures vanquished

Notes
Turn   | Place    | Note
-------+----------+-------------------------------------------
     0 | D:1      | jimonade the Djinni Warper began the quest for the Orb.
     0 | D:1      | jimonade set off with the following spells memorised:
                  | Blink, Lesser Beckoning, Vhi's Electric Charge, Teleport
                  | Other, Manifold Assault.
     0 | D:1      | Reached XP level 1. HP: 18/18 MP: 0/0
   181 | D:1      | Reached XP level 2. HP: 23/23 MP: 0/0
   309 | D:1      | Reached skill level 3 in Spellcasting
   517 | D:1      | Reached XP level 3. HP: 26/28 MP: 0/0
   517 | D:1      | Learned a level 1 spell: Apportation
   929 | D:2      | Found a snail-covered altar of Cheibriados.
   931 | D:2      | Found a faded altar of an unknown god.
  1325 | D:2      | Reached XP level 4. HP: 33/33 MP: 0/0
  1929 | D:3      | Noticed Terence
  1950 | D:3      | Killed Terence
  1951 | D:3      | Reached skill level 4 in Spellcasting
  1951 | D:3      | Reached XP level 5. HP: 15/38 MP: 0/0
  1951 | D:3      | Learned a level 2 spell: Scorch
  2330 | D:3      | Found a blossoming altar of Fedhas.
  2490 | D:4      | Found a bloodstained altar of Trog.
  2491 | D:4      | Found an ornate altar of the Wu Jian Council.
  2493 | D:4      | Noticed a phantom
  2677 | D:3      | Killed a phantom
  2678 | D:3      | Reached skill level 5 in Spellcasting
  2678 | D:3      | Reached XP level 6. HP: 29/43 MP: 0/0
  2977 | D:4      | Found an iron altar of Okawaru.
  3054 | D:4      | Found a runed translucent gate.
  3055 | D:4      | Found a runed translucent gate.
  3055 | D:4      | Found a runed translucent gate.
  3081 | D:4      | Noticed holysushi's ghost (amateur DsMo)
  3081 | D:4      | Noticed TheSexyCheese's ghost (novice TrFi)
  3165 | D:4      | Reached XP level 7. HP: 27/49 MP: 0/0
  3165 | D:4      | Learned a level 3 spell: Dazzling Flash
  3358 | D:4      | Noticed Robin
  3401 | D:3      | Killed Robin
  3546 | D:4      | Found a broken altar of Ashenzari.
  3625 | D:4      | Reached skill level 6 in Spellcasting
  3956 | D:4      | Found a glowing golden altar of the Shining One.
  4375 | D:5      | Entered Level 5 of the Dungeon
  4375 | D:5      | Noticed Eustachio
  4384 | D:4      | Killed Eustachio
  4385 | D:4      | Reached XP level 8. HP: 35/54 MP: 0/0
  4455 | D:5      | Found a white marble altar of Elyvilon.
  4537 | D:5      | Reached skill level 7 in Spellcasting
  4835 | D:5      | Noticed Blork the orc
  4840 | D:5      | Killed Blork the orc
  5579 | D:6      | Reached skill level 8 in Spellcasting
  5633 | D:5      | Reached XP level 9. HP: 27/58 MP: 0/0
  5633 | D:5      | Learned a level 3 spell: Summon Guardian Golem
  5791 | D:6      | Found a snail-covered altar of Cheibriados.
  6130 | D:6      | Found a staircase to the Ecumenical Temple.
  6135 | Temple   | Entered the Ecumenical Temple
  6192 | D:6      | Reached skill level 9 in Spellcasting
  6590 | D:6      | Found Poofetab's Neck Hole.
  6682 | D:6      | Bought an amulet of regeneration for 360 gold pieces
  6760 | D:7      | Found Zuise's Magic Scroll Shop.
  6783 | D:7      | Found a sparkling altar of Nemelex Xobeh.
  7259 | D:4      | Became a worshipper of Warmaster Okawaru
  7413 | D:7      | Found an opulent altar of Gozag.
  7429 | D:7      | Reached skill level 10 in Spellcasting
  7595 | D:7      | Found Lucef's Weapon Boutique.
  7768 | D:8      | Reached XP level 10. HP: 47/64 MP: 0/0
  7880 | D:7      | Reached * piety under Okawaru
  8002 | D:7      | Reached skill level 11 in Spellcasting
  8108 | D:8      | Found a stormy altar of Qazlal.
  8177 | D:8      | Found Nihoijaq's Distillery.
  8257 | D:8      | Noticed Maurice
  8277 | D:8      | Killed Maurice
  8396 | D:8      | Reached ** piety under Okawaru
  8695 | D:8      | Found a staircase to the Lair.
  8712 | D:8      | Noticed a komodo dragon
  8714 | D:8      | Reached skill level 12 in Spellcasting
  8766 | D:8      | Killed a komodo dragon
  9043 | D:8      | Reached XP level 11. HP: 33/68 MP: 0/0
  9043 | D:8      | Learned a level 4 spell: Anguish
  9353 | D:8      | Reached *** piety under Okawaru
  9639 | D:8      | Upgraded the game from 0.30-a0-859-gf88a04b62d to
                  | 0.30-a0-860-g512cf1e979
  9877 | D:9      | Found a hide-covered altar of Uskayaw.
  9999 | D:9      | Noticed a two-headed ogre
 10107 | D:9      | Killed a two-headed ogre
 10343 | D:9      | Reached skill level 5 in Invocations
 10417 | D:9      | Found Veexteun's Magic Scroll Shoppe.
 10609 | D:10     | Entered Level 10 of the Dungeon
 10610 | D:10     | Found a shimmering altar of Xom.
 10612 | D:10     | Found the +7 mace of Variability {chaos, chain chaos}
 10634 | D:9      | Reached **** piety under Okawaru
 10850 | D:10     | Found Eriyxog's Jewellery Emporium.
 10855 | D:10     | Found a staircase to the Orcish Mines.
 11067 | D:10     | Identified the +0 robe of Qyigot {Int+5}
 11139 | D:10     | Reached skill level 5 in Armour
 11559 | Lair:1   | Entered Level 1 of the Lair of Beasts
 11610 | Lair:1   | You are sucked into a shaft and drop 1 floor!
 11629 | Lair:2   | HP: 1/72 [wolf (6)]
 11652 | Lair:1   | Noticed a six-headed hydra
 11954 | D:11     | Noticed a two-headed ogre
 11964 | D:11     | Killed a two-headed ogre
 12015 | D:11     | Noticed a two-headed ogre
 12067 | D:11     | Killed a two-headed ogre
 12067 | D:11     | Reached ***** piety under Okawaru
 12068 | D:11     | Reached XP level 12. HP: 39/79 MP: 0/0
 12349 | D:11     | Reached skill level 5 in Dodging
 12537 | D:11     | Identified the +0 spear "Gullyam" {pain, Drain rN+ Str+2}
 12624 | D:11     | HP: 1/80 [manticore (9)]
 12624 | D:11     | Mangled by a manticore

Illustrated notes

Levels and vault maps discovered:
D:1:      tekkud_arrival_beachfront_property, layout_loops_ring
D:2:      layout_loops_ring, basic_ecumenical_altar, basic_altar
D:3:      layout_loops_ring, fedhas_altar_3, chequers_serial_rivers_large_b,
          uniq_terence
D:4:      layout_cave_pods, nicolae_tso_besieged_by_evil,
          chequers_temple_overflow_statue_of_worship,
          mainiacjoe_overflow_boulevard, nicolae_overflow_hidden_temple,
          gammafunk_ghost_cemetery, uniq_robin
D:5:      layout_rooms, elyvilon_altar_4, grunt_decor_junction, uniq_eustachio,
          uniq_blork_the_orc
D:6:      layout_loops_ring, mainiacjoe_overflow_paths, temple_doors_cd,
          nicolae_shop_sticking_my_neck_out
D:7:      layout_gridville, mainiacjoe_overflow_six_doors_small,
          nemelex_xobeh_ov_fountains_minmay, serial_shops, nicolae_shop_trees,
          nicolae_shop_stone
D:8:      layout_gridville, nicolae_qazlal_general_emergency, erik_lair_dragon,
          serial_shops, nicolae_shop_crystal, special_room [special_room_orc],
          moated_statue, chequers_jeans, uniq_maurice
D:9:      layout_basic, nicolae_uskayaw_dance_hall, serial_shops,
          nicolae_shop_crystal
D:10:     layout_rooms, david_orc_3, serial_shops, nicolae_stop_n_shop_2,
          mrwooster_statue_mirror, minmay_guarded_unrand_variability
D:11:     layout_roguey, nicolae_trove_entry_columns
Temple:   hellmonk_temple_forest_ring
Lair:1:   layout_small_grid, grunt_megastairs_5, infiniplex_staircase_pool_2
Lair:2:   layout_roguey, minmay_swamp_entry_wisps, dreamdust_mushroom_princess

Skill      XL: |  1  2  3  4  5  6  7  8  9 10 11 12 |
---------------+-------------------------------------+-----
Spellcasting   | 3 4 5 6 8 10 12 | 12.0
Invocations    | 3 6 |  6.4
Armour         | 6 |  6.6
Dodging        | 4 5 |  5.3
Fighting       | 4 |  4.8
Polearms       | |  1.5
Throwing       | |  0.7

Action                     |  1- 3 |  4- 6 |  7- 9 | 10-12 || total
---------------------------+-------+-------+-------+-------++-------
  Melee: Spear             |   170 |    72 |       |       ||   242
         Punch             |     1 |     1 |     2 |     1 ||     5
         Flail             |       |     5 |    52 |       ||    57
         Short sword       |       |       |    28 |   392 ||   420
         Great mace        |       |       |       |     2 ||     2
         Glaive            |       |       |       |     7 ||     7
   Cast: Vhi's Electric Ch |       |     2 |       |     5 ||     7
         Blink             |       |     1 |     1 |    17 ||    19
         Scorch            |       |    61 |   161 |   172 ||   394
         Manifold Assault  |       |       |     3 |   191 ||   194
         Dazzling Flash    |       |       |     1 |    18 ||    19
         Summon Guardian G |       |       |     1 |       ||     1
         Anguish           |       |       |       |     1 ||     1
 Invoke: Heroism           |       |       |       |     2 ||     2
    Use: Scroll            |       |       |     5 |    14 ||    19
         Potion            |       |       |       |     2 ||     2
   Stab: Sleeping          |     4 |     1 |       |       ||     5
         Invisible         |       |       |       |     3 ||     3
 Armour: Leather armour    |    42 |    47 |    29 |       ||   118
         Ring mail         |       |       |    16 |   130 ||   146
         Troll leather arm |       |       |       |     3 ||     3
  Dodge: Dodged            |    92 |    55 |   103 |   231 ||   481
         Repelled          |       |       |       |     2 ||     2

Table legend: (Time is in decaauts)
 A = Elapsed time spent in this place.
 B = Non-inter-level travel time spent in this place.
 C = Inter-level travel time spent in this place.
 D = Time resting spent in this place.
 E = Time spent auto-exploring this place.
 F = Levels seen in this place.
 G = Mean time per level.
                   A        B        C        D        E       F      G
               +--------+--------+--------+--------+--------+-----+--------+
         Total |  12687 |  11900 |    787 |   1668 |   6597 |  14 |  906.2 |
       Dungeon |  12589 |  11803 |    786 |   1668 |   6597 |  11 | 1144.5 |
        Temple |      3 |      2 |      1 |      0 |      0 |   1 |    3.0 |
          Lair |     94 |     94 |      0 |      0 |      0 |   2 |   47.0 |
               +--------+--------+--------+--------+--------+-----+--------+

Top non-repeatable levels by time:
     D:8: 2153 daAuts
     D:4: 1596 daAuts
     D:3: 1290 daAuts
     D:6: 1213 daAuts
     D:5: 1187 daAuts
     D:7: 1159 daAuts
    D:10: 862 daAuts
     D:9: 832 daAuts
     D:1: 825 daAuts
     D:2: 786 daAuts
    D:11: 681 daAuts
  Lair:1: 55 daAuts
  Lair:2: 38 daAuts
  Temple: 3 daAuts
